Map: Moonlight Madness LE (Void)

Players

EverZtelecoM (telecom)

  • Race: Zerg Zerg
  • League: Master

Tefel - Winner!

  • Race: Zerg Zerg
  • League: Diamond

Event: ASL Season 5 Prime League LOTV Beta

VOD

Have the link to the VOD?

Description

Time

  • Played on: Sept. 5, 2015, 9:29 p.m.
  • Length: 6:46

All games in this series

Show
View Real Time Build Order
Export as new Build Order

EverZtelecoM Zerg 

Build Orders: Pool Only, Zergling Baneling 

Get SALT Encoding   

  12  0:12  Extractor  
  11  0:21  Spawning Pool  
  10  0:25  Drone  
  11  0:30  Drone  
  13  0:35  Drone  
  13  0:41  Drone  
  14  0:54  Overlord  
  14  1:12  Queen  
  14  1:18  Metabolic Boost  
  16  1:24  Zergling x2  
  17  1:27  Zergling x2  
  17  1:32  Zergling x2  
  19  1:37  Zergling x2  
  20  1:45  Zergling x2  
  21  1:52  Baneling Nest  
  20  1:58  Zergling x2  
  21  2:07  Zergling x2  
  22  2:19  Overlord  
  22  2:36  Baneling  
  22  2:37  Baneling x5  
  22  2:38  Zergling x4  
  22  2:43  Zergling x2  
  25  2:51  Zergling x2  
  25  2:59  Zergling x4  
  27  3:12  Zergling x4  
  25  3:25  Zergling x6  
  23  3:42  Zergling x2  
  23  3:48  Zergling x2  
  22  3:57  Baneling x2  
  22  3:58  Zergling x6  
  25  4:06  Zergling x2  
  22  4:36  Baneling x2  
  22  4:37  Baneling x5  
  21  4:46  Drone  
  20  5:01  Zergling x2  
  20  5:03  Overlord  
  16  5:15  Zergling x6  
  16  5:16  Zergling x2  
  17  5:28  Zergling x2  
  13  5:40  Queen  
  13  5:41  Zergling x4  
  13  5:42  Zergling x2  
  18  5:53  Baneling x2  
  18  5:54  Baneling  
  12  6:20  Zergling x6  
  12  6:23  Baneling  
  14  6:34  Drone  
Show
View Real Time Build Order
Export as new Build Order

Tefel Zerg - Winner!

Build Orders: Pool First 

Get SALT Encoding   

  12  0:00  Drone  
  13  0:08  Drone  
  14  0:16  Overlord  
  14  0:22  Extractor  
  14  0:23  Drone  
  15  0:35  Drone x2  
  17  0:44  Spawning Pool  
  17  0:47  Drone  
  17  0:56  Drone  
  18  1:11  Hatchery  
  18  1:15  Extractor  
  18  1:16  Drone  
  17  1:19  Drone  
  18  1:31  Queen  
  21  1:32  Drone  
  21  1:37  Drone  
  22  1:49  Overlord  
  22  1:53  Extractor  
  21  1:58  Drone  
  22  2:06  Queen  
  22  2:08  Spine Crawler  
  23  2:11  Zergling x2  
  25  2:16  Metabolic Boost  
  25  2:21  Zergling x2  
  26  2:23  Zergling x2  
  27  2:31  Zergling x2  
  27  2:35  Zergling x2  
  29  2:38  Zergling x4  
  29  2:39  Zergling x2  
  29  2:42  Baneling Nest  
  31  2:49  Zergling x4  
  32  2:56  Zergling x2  
  32  2:57  Zergling x2  
  33  3:05  Zergling x2  
  33  3:09  Drone  
  33  3:11  Drone  
  27  3:21  Drone  
  19  3:32  Drone  
  20  3:36  Drone  
  19  3:41  Drone  
  19  3:47  Drone  
  20  3:57  Drone  
  20  4:02  Baneling x2  
  21  4:07  Drone  
  21  4:08  Drone  
  23  4:13  Drone  
  24  4:27  Zergling x4  
  24  4:28  Zergling x4  
  26  4:33  Drone  
  27  4:42  Drone  
  27  4:44  Drone  
  28  4:47  Drone  
  28  4:51  Drone  
  30  4:55  Drone  
  30  4:58  Drone  
  31  5:01  Drone  
  31  5:03  Drone  
  31  5:07  Drone  
  25  5:20  Drone  
  25  5:21  Drone  
  27  5:27  Drone x2  
  28  5:33  Drone  
  28  5:38  Zergling x4  
  28  5:40  Zergling x2  
  32  5:42  Zergling x2  
  32  5:45  Zergling x2  
  32  5:49  Zergling x2  
  34  5:51  Zergling x2  
  34  5:54  Overlord  
  34  5:57  Baneling  
  35  6:04  Overlord  
  32  6:12  Zergling x6  
  35  6:18  Zergling x6  
  35  6:22  Zergling x6  
  35  6:25  Zergling x2  
  41  6:28  Zergling x2  
Tags
 
Add a new tag
Caveats
  • Supply blocks, unpowered buildings, or Contaminate may cause inaccurate times.
  • Supply counts are checked every 10 seconds.